 Dungeon Crawl Stone Soup version 0.23.0-3-gf3c87f2 (webtiles) character file.

Game seed: 2626470746213100379

21123 Shoal the Grappler (level 12, -9/118 HPs)
             Began as a Troll Monk on Feb 24, 2019.
             Was an Initiate of Gozag.
             Engulfed by a fire crab's flame (12 damage)
             ... in a Gauntlet.
             The game lasted 00:41:22 (12541 turns).

Shoal the Grappler (Troll Monk)                    Turns: 12541, Time: 00:41:22

Health: -9/118     AC: 11    Str: 24 (27) XL:     12   Next: 51%
Magic:  0/20       EV: 23    Int:  5 (6)  God:    Gozag
Gold:   1428       SH:  0    Dex: 23 (24) Spells: 11/11 levels left

rFire    . . .     SeeInvis .     - Unarmed
rCold    . . .     Gourm    +   (no shield)
rNeg     . . .     Faith    .   a - +2 robe
rPois    +         Spirit   +   f - +2 hat
rElec    .         Reflect  .   (no cloak)
rCorr    .         Harm     .   (gloves unavailable)
MR       .....     NoTele   +   (boots unavailable)
Stlth    +++++.....             z - amulet of guardian spirit
HPRegen  0.69/turn              y - ring of Ragunnat {rPois MP+9 Dex+4}
MPRegen  0.17/turn              x - +2 ring of protection

@: agile, gold aura
A: large, unfitting armour, claws 3, agile 1, blurry vision 1, deformed body,
deterioration 2, fast metabolism 3, gourmand, regeneration 1, shaggy fur 1,
strong 1, tough skin 3
a: Potion Petition, Call Merchant, Bribe Branch, Renounce Religion


You were in a Gauntlet.
You worshipped Gozag.
Gozag was most pleased with you.
You were not hungry.

You visited 2 branches of the dungeon, and saw 13 of its levels.
You also visited: Gauntlet.

You collected 2632 gold pieces.
You paid 1204 gold pieces to Gozag.

Inventory:

Hand Weapons
 c - a +2 trident of freezing
Armour
 a - a +2 robe (worn)
 f - a +2 hat (worn)
 k - a cursed +0 robe
 l - a +0 chain mail
 p - the +4 large shield "Pymuaske" {Int+3, unknown}
   (You acquired it on level 8 of the Dungeon)

   It affects your intelligence (+3).
 r - the +3 plate armour of Kamu {*Contam rF+ Str+2 Dex+4, unknown}
   (You found it on level 7 of the Dungeon)

   It affects your strength (+2).
   It affects your dexterity (+4).
   It protects you from fire.
   It causes magical contamination when unequipped.
 s - a +0 helmet
 u - a +0 pair of boots
 B - a +0 animal skin
 C - a +0 animal skin
 D - a +0 animal skin
 E - a +0 animal skin
Jewellery
 m - a cursed amulet of inaccuracy
 v - an uncursed ring of ice
 w - an uncursed ring of flight
 x - a +2 ring of protection (right claw)
 y - the ring of Ragunnat (left claw) {rPois MP+9 Dex+4}
   (You found it on level 8 of the Dungeon)

   [ring of poison resistance]

   It affects your dexterity (+4).
   It protects you from poison.
   It affects your magic capacity (+9).
 z - an amulet of guardian spirit (around neck)
 K - an uncursed ring of resist corrosion {unknown}
Wands
 g - a wand of polymorph (5)
 h - a wand of flame (35)
 i - a wand of random effects (12)
 q - a wand of paralysis (27)
 t - a wand of digging (5)
 A - a wand of enslavement (9)
 G - a wand of disintegration (12)
Scrolls
 d - 2 scrolls of remove curse
 j - 3 scrolls of enchant weapon
 n - 2 scrolls of enchant armour
 o - 4 scrolls of immolation
 H - a scroll of amnesia
 I - a scroll of noise {unknown}
Potions
 e - 3 potions of flight
Comestibles
 b - 5 rations


   Skills:
 + Level 7.3 Fighting
 + Level 9.2 Dodging
 + Level 5.9 Stealth
 + Level 13.6 Unarmed Combat


You had 11 spell levels left.
You didn't know any spells.
Your spell library contained the following spells:

 Spells                   Type           Power        Failure   Level  Hunger
 Infusion                 Chrm           #...         47%         1    ##.....
 Sandblast                Erth           #.....       47%         1    ##.....
 Passwall                 Tmut/Erth      #.......     63%         2    ###....
 Shroud of Golubria       Chrm/Tloc      #.........   63%         2    ###....
 Song of Slaying          Chrm           #.......     63%         2    ###....
 Sticks to Snakes         Tmut           #.......     63%         2    ###....
 Regeneration             Chrm/Necr      #.........   85%         3    ####...
 Spectral Weapon          Hex/Chrm       #.......     85%         3    ####...
 Stone Arrow              Conj/Erth      #.....       85%         3    ####...
 Petrify                  Tmut/Erth      #.......     99%         4    #####..
 Lee's Rapid Deconstruct  Erth           #.........   100%        5    ######.
 Spellforged Servitor     Conj/Summ      #.........   100%        7    #######
 Summon Hydra             Summ           #.........   100%        7    #######


Dungeon Overview and Level Annotations

Branches:
Dungeon (12/15)            Temple (0/1) D:7            Lair (1/6) D:11
    Orc (0/2) D:12

Altars:
Elyvilon
Fedhas
Gozag
Hepliaklqana
Kikubaaqudgha
Ru
Sif Muna
Trog
Vehumet
Xom
Yredelemnul
The Shining One

Shops:
D:6 :   D:12 (

Annotations:
D:9 exclusion: ice statue Gauntlet 8 transporters, 1 runed translucent door


Innate Abilities, Weirdness & Mutations

You are too large for most types of armour.
You have claws for hands.
Your metabolism is lightning-fast.
You like to eat raw meat.
Your natural rate of healing is unusually fast.
You are covered in fur. (AC +1)
You have extremely tough skin. (AC +3)
You are agile. (Dex +2)
Scrolls take you a little longer to read.
Armour fits poorly on your strangely shaped body.
Your body often deteriorates upon taking damage.
Your muscles are strong. (Str +2)


Message History

* * * LOW HITPOINT WARNING * * *
You are engulfed in flames!
* * * LOW HITPOINT WARNING * * *
Really read with blurry vision while enemies are nearby?
Okay, then.
The fire bat becomes distracted by the nearby gold, dreaming of imaginary riches.
The hell hound completely misses you.
You see here 5 gold pieces.
You barely miss the fire bat.
The fire bat is no longer distracted by gold.
The fire bat becomes distracted by the nearby gold, dreaming of imaginary riches.
The fire bat misses you. The hell hound completely misses you.
The fire crab breathes flames at you.
The blast of flame engulfs the hell hound.
The hell hound completely resists.
You closely miss the fire bat.
The fire bat is no longer distracted by gold.
You are engulfed in blazing flames.
You die...
Your body crumbles into a pile of gold.

##≈....................
#≈≈.#########.#########
##≈.#!)#©#.=#.#.h(©.=.#
##.#.#.#.#§#.#...###.#
##≈.#.#.#.#.#.#...###.#
#≈≈.#○.#○#§§#.#E..###
##≈.#.#t#§#.#.#R##©..
##.#b#h#h#.#.#h##..#
##≈.#b@#b#..#.#E°hE...
#≈≈.###################
##≈....#©....©....©#...
##..♣.#############...
##≈......#.).©...#...P.
#≈≈...P♣.#.#.#.#.#...#≈
##≈...P..#....P..#.P.≈≈
##..P.♣.#.#.©.#.#.♣.#≈
#≈..P..#..P....#..P≈≈


You could see a fire crab, 2 hell hounds and 3 fire bats.

Vanquished Creatures
  Gastronok (D:10)
  Josephine (D:10)
  Erolcha (D:11)
  A hydra (Lair:1)
  A two-headed ogre (D:12)
  Pikel (D:5)
  The ghost of luxidream the Skirmisher, a novice VSWr of Gozag (D:7)
  A deep elf mage (D:7)
  An ugly thing (D:12)
  A manticore (D:12)
  Maurice (D:9)
  An elephant (D:11)
  Psyche (D:8)
  A spiny frog (Lair:1)
  A hornet (D:10)
  3 trolls
  5 hippogriffs
  3 wraiths (D:10)
  2 fire bats (Gauntlet)
  Sigmund (D:5)
  2 wyverns
  5 yaks (D:11)
  4 chaos spawn (Gauntlet)
  A hungry ghost (D:7)
  3 basilisks
  2 neqoxecs (Gauntlet)
  3 water moccasins
  A porcupine (Lair:1)
  7 sky beasts
  9 orc warriors
  4 black bears
  2 ice beasts
  9 ogres
  2 phantoms (D:6)
  2 necrophages
  2 wolves (D:5)
  8 centaurs
  A crocodile (Lair:1)
  A big kobold (D:7)
  2 bullfrogs (D:8)
  4 gnoll sergeants (D:5)
  A wyvern skeleton (D:12)
  6 scorpions
  4 killer bees (D:10)
  7 wights
  3 howler monkeys
  2 centaur zombies
  6 crimson imps
  6 hounds
  3 quasits
  2 bullfrog zombies
  11 orc wizards
  3 bullfrog skeletons
  6 jellies
  A gnoll shaman (D:5)
  12 orc priests
  Jessica (D:3)
  Natasha (thrice) (D:3)
  3 iguanas
  11 worker ants
  14 adders
  17 gnolls (D:5)
  4 shadow imps
  6 oozes
  A worm (D:3)
  A dart slug (D:3)
  7 leopard geckos
  65 orcs
  4 ball pythons
  6 bats
  9 giant cockroaches
  6 goblins
  7 hobgoblins
  30 jackals
  7 kobolds
  7 quokkas
  3 frilled lizards
  A leopard gecko skeleton (D:4)
  A quokka skeleton (D:4)
  A quokka zombie (D:7)
  9 rats
  2 demonic plants (Gauntlet)
402 creatures vanquished.

Vanquished Creatures (collateral kills)
  A bullfrog (D:10)
1 creature vanquished.

Vanquished Creatures (others)
  A killer bee (D:10)
  A gnoll shaman (D:5)
  A gnoll (D:5)
  An orc (D:5)
  A frilled lizard (D:5)
  A withered plant (Gauntlet)
6 creatures vanquished.

Grand Total: 409 creatures vanquished

Notes
Turn   | Place    | Note
-------+----------+-------------------------------------------
     0 | D:1      | Shoal the Troll Monk began the quest for the Orb.
     0 | D:1      | Reached XP level 1. HP: 22/22 MP: 0/0
    26 | D:1      | Reached XP level 2. HP: 26/29 MP: 1/1
   403 | D:1      | Reached XP level 3. HP: 36/36 MP: 2/2
   668 | D:2      | Found a blossoming altar of Fedhas.
   751 | D:2      | Found a hazy altar of Hepliaklqana.
  1183 | D:3      | Reached XP level 4. HP: 41/44 MP: 3/3
  1217 | D:3      | Reached skill level 4 in Unarmed Combat
  1428 | D:3      | Reached XP level 5. HP: 50/52 MP: 4/4
  1438 | D:3      | Reached skill level 5 in Unarmed Combat
  1471 | D:3      | Noticed Jessica
  1474 | D:3      | Noticed Natasha
  1478 | D:3      | Killed Jessica
  1478 | D:3      | Reached XP level 6. HP: 43/59 MP: 5/5
  1490 | D:3      | Killed Natasha
  1754 | D:3      | Noticed Natasha
  1763 | D:3      | Killed Natasha
  1887 | D:3      | Noticed Natasha
  1890 | D:3      | Killed Natasha
  2284 | D:4      | Reached skill level 6 in Unarmed Combat
  2305 | D:4      | Found a shimmering altar of Xom.
  2596 | D:5      | Entered Level 5 of the Dungeon
  2634 | D:5      | Noticed Sigmund
  2639 | D:5      | Noticed a sky beast
  2647 | D:5      | Killed a sky beast
  2647 | D:5      | Reached XP level 7. HP: 61/67 MP: 6/6
  2681 | D:5      | Killed Sigmund
  2693 | D:5      | Found a bloodstained altar of Trog.
  2787 | D:5      | Reached skill level 7 in Unarmed Combat
  2812 | D:5      | Noticed Pikel
  2849 | D:5      | Killed Pikel
  2849 | D:5      | Reached skill level 8 in Unarmed Combat
  2849 | D:5      | Reached XP level 8. HP: 45/75 MP: 7/7
  3008 | D:5      | Reached skill level 5 in Dodging
  3451 | D:5      | Reached skill level 9 in Unarmed Combat
  3479 | D:5      | Reached XP level 9. HP: 53/83 MP: 8/8
  3508 | D:5      | Gained mutation: You possess an exceptional clarity of
                  | mind. [potion of mutation]
  3508 | D:5      | Gained mutation: Your muscles are strong. (Str +2) [potion
                  | of mutation]
  4159 | D:6      | Found a white marble altar of Elyvilon.
  4278 | D:6      | Reached skill level 10 in Unarmed Combat
  4345 | D:6      | Found an ancient bone altar of Kikubaaqudgha.
  4536 | D:6      | Found Riothut's Book Shop.
  4670 | D:7      | Found a runed translucent gate.
  4671 | D:7      | Found a runed translucent gate.
  4671 | D:7      | Found an opulent altar of Gozag.
  4672 | D:7      | Found a runed translucent gate.
  4673 | D:7      | Noticed luxidream's ghost (novice VSWr)
  4676 | D:7      | Noticed a deep elf mage
  4694 | D:7      | Killed a deep elf mage
  4697 | D:7      | Reached skill level 11 in Unarmed Combat
  4709 | D:7      | Killed luxidream's ghost
  4709 | D:7      | Reached XP level 10. HP: 16/92 MP: 9/9
  4930 | D:7      | Became a worshipper of Gozag Ym Sagoz the Greedy
  4969 | D:7      | Got a shimmering plate armour
  4993 | D:7      | Found a staircase to the Ecumenical Temple.
  5199 | D:7      | Found a basalt altar of Yredelemnul.
  5885 | D:8      | Noticed Psyche
  5898 | D:8      | Killed Psyche
  5898 | D:8      | Reached skill level 12 in Unarmed Combat
  5908 | D:8      | Identified the Catalogue of the Entourage and Changing
  5920 | D:8      | Got a shimmering steel ring
  5942 | D:8      | Found a radiant altar of Vehumet.
  6001 | D:8      | Identified a scroll of acquirement
  6004 | D:8      | Got a brightly glowing large shield
  6099 | D:8      | Found a bloodstained altar of Trog.
  6586 | D:9      | Lost mutation: You possess an exceptional clarity of mind.
                  | [potion of mutation]
  6586 | D:9      | Lost mutation: Your muscles are strong. (Str +2) [potion of
                  | mutation]
  6586 | D:9      | Gained mutation: Your body sometimes deteriorates upon
                  | taking damage. [potion of mutation]
  6586 | D:9      | Gained mutation: You are agile. (Dex +2) [potion of
                  | mutation]
  6586 | D:9      | Gained mutation: Your muscles are strong. (Str +2) [potion
                  | of mutation]
  6790 | D:9      | Found a sacrificial altar of Ru.
  6837 | D:9      | Noticed Maurice
  6846 | D:9      | Killed Maurice
  6927 | D:9      | Noticed an ice statue
  7422 | D:10     | Entered Level 10 of the Dungeon
  7427 | D:10     | Noticed Josephine
  7813 | D:10     | Reached XP level 11. HP: 91/101 MP: 10/10
  7905 | D:10     | Noticed Gastronok
  8107 | D:10     | Reached skill level 5 in Fighting
  8316 | D:10     | Found a deep blue altar of Sif Muna.
  8383 | D:10     | Killed Josephine
  8487 | D:10     | HP: 5/104 [killer bee (2)]
  9085 | D:10     | Killed Gastronok
  9518 | D:11     | Reached skill level 5 in Stealth
  9532 | D:11     | Reached skill level 13 in Unarmed Combat
  9798 | D:11     | Found a staircase to the Lair.
 10018 | D:11     | Found a glowing golden altar of the Shining One.
 10098 | D:11     | Noticed Erolcha
 10111 | D:11     | Killed Erolcha
 10631 | D:12     | Noticed a two-headed ogre
 10640 | D:12     | Killed a two-headed ogre
 10640 | D:12     | Reached XP level 12. HP: 95/115 MP: 11/11
 10652 | D:12     | Found Pewiump's Antique Weapon Shoppe.
 11025 | D:12     | Found a staircase to the Orcish Mines.
 11217 | D:12     | Identified the ring of Ragunnat {rPois MP+9 Dex+4} (You
                  | found it on level 8 of the Dungeon)
 12085 | Lair:1   | Entered Level 1 of the Lair of Beasts
 12156 | Lair:1   | Noticed an eight-headed hydra
 12164 | Lair:1   | Killed a ten-headed hydra
 12275 | Lair:1   | Found a gate leading to a gauntlet.
 12289 | Gauntlet | Entered a Gauntlet
 12289 | Gauntlet | Found a transporter.
 12298 | Gauntlet | Found a transporter.
 12300 | Gauntlet | Found a transporter.
 12316 | Gauntlet | Found a transporter.
 12318 | Gauntlet | Found a transporter.
 12328 | Gauntlet | Found a runed translucent door.
 12331 | Gauntlet | Found a transporter.
 12346 | Gauntlet | Found a transporter.
 12346 | Gauntlet | Noticed a cacodemon
 12356 | Gauntlet | Found a transporter.
 12366 | Gauntlet | Found a transporter.
 12371 | Gauntlet | Found a transporter.
 12371 | Gauntlet | Found a transporter.
 12399 | Gauntlet | Found a transporter.
 12399 | Gauntlet | Found a transporter.
 12436 | Gauntlet | Gained mutation: Armour fits poorly on your strangely
                  | shaped body. [a neqoxec]
 12444 | Gauntlet | Gained mutation: Your body often deteriorates upon taking
                  | damage. [a neqoxec]
 12472 | Gauntlet | Gained mutation: Scrolls take you a little longer to read.
                  | [a neqoxec]
 12538 | Gauntlet | HP: 1/118 [fire crab (13)]
 12541 | Gauntlet | Engulfed by a fire crab's flame

Skill      XL: |  1  2  3  4  5  6  7  8  9 10 11 12 |
---------------+-------------------------------------+-----
Dodging        | 3 4 5 6 7 8 9 |  9.2
Unarmed Combat | 4 5 6 8 9 11 12 13 | 13.6
Fighting       | 3 4 6 7 |  7.3
Stealth        | 2 3 4 5 |  5.9

Action                   |  1- 3 |  4- 6 |  7- 9 | 10-12 || total
-------------------------+-------+-------+-------+-------++-------
Melee: Unarmed           |   108 |   150 |   254 |   651 ||  1163
       Punch             |       |     4 |     9 |    41 ||    54
Invok: Potion Petition   |       |       |       |     3 ||     3
Evoke: Wand              |       |       |       |     4 ||     4
  Use: Scroll            |     2 |     8 |     7 |    11 ||    28
       Potion            |       |       |    13 |    12 ||    25
 Stab: Sleeping          |     1 |     4 |     2 |    13 ||    20
       Distracted        |       |       |       |     4 ||     4
       Invisible         |       |       |       |     1 ||     1
  Eat: Chunk             |    12 |    11 |     8 |       ||    31
       Ration            |       |       |     4 |    21 ||    25
Armor: Robe              |    52 |    43 |   108 |   191 ||   394
Dodge: Dodged            |    66 |    66 |   199 |   470 ||   801
